 Dungeon Crawl Stone Soup version 0.28.0-1-gb440e238dd (webtiles) character file.

Game seed: 17393053783476357545

345 graymark the Shield-Bearer (level 6, -2/50 HPs)
             Began as a Formicid Fighter on Feb 23, 2022.
             Was an Initiate of Makhleb.
             Slain by an orc warrior (8 damage)
             ... on level 4 of the Dungeon.
             The game lasted 00:09:10 (3610 turns).

graymark the Shield-Bearer (Formicid Fighter)       Turns: 3610, Time: 00:09:11

Health: -2/50      AC:  7    Str: 23    XL:     6   Next: 90%
Magic:  6/6        EV:  9    Int:  7    God:    Makhleb [......]
Gold:   84         SH:  5    Dex: 10    Spells: 5/5 levels left

rFire   . . .      SeeInvis +   a - +0 war axe
rCold   . . .      Faith    .   c - +0 buckler
rNeg    . . .      Spirit   .   b - +0 scale mail
rPois   .          Reflect  .   (helmet unavailable)
rElec   .          Harm     .   (no cloak)
rCorr   .          Rampage  .   (no gloves)
Will    .....                   (no boots)
Stlth   ..........              p - amulet of the acrobat
HPRegen 0.16/turn               (no ring)
MPRegen 0.10/turn               (no ring)

@: mighty
A: permanent stasis, dig shafts and tunnels, antennae 3, four strong arms
a: Dig, Shaft Self, Renounce Religion


You were on level 4 of the Dungeon.
You worshipped Makhleb.
Makhleb was noncommittal.
You visited 2 branches of the dungeon, and saw 5 of its levels.

You collected 84 gold pieces.

Inventory:

Hand Weapons
 a - a +0 war axe (weapon)
Armour
 b - a +0 scale mail (worn)
 c - a +0 buckler (worn)
 n - a +0 chain mail
Jewellery
 p - an amulet of the acrobat (around neck)
Scrolls
 e - a scroll of identify {unknown}
 h - a scroll of vulnerability {unknown}
 l - a scroll of torment {unknown}
 m - a scroll of noise {unknown}
 o - a scroll of blinking {unknown}
 r - a scroll of immolation {unknown}
 s - a scroll of acquirement {unknown}
 u - a scroll of enchant armour {unknown}
Potions
 f - a potion of berserk rage {unknown}
 g - a potion of brilliance {unknown}
 i - 4 potions of curing {unknown}
 k - a potion of lignification {unknown}
 q - a potion of mutation {unknown}
 t - 2 potions of magic {unknown}


   Skills:
 + Level 4.8 Fighting
 + Level 3.7 Axes
 + Level 4.8 Armour
 + Level 5.3 Shields


You had 5 spell levels left.
You didn't know any spells.
Your spell library contained the following spells:

 Spells                   Type           Power      Damage    Failure   Level
 Ensorcelled Hibernation  Hex/Ice        0%         N/A       90%         2
 Passwall                 Tmut/Erth      0%         N/A       90%         2
 Summon Forest            Summ/Tloc      0%         N/A       100%        5
 Summon Mana Viper        Hex/Summ       0%         N/A       100%        5
 Summon Cactus Giant      Summ           0%         N/A       100%        6
 Swiftness                Air            Unusable   N/A       N/A         3

Dungeon Overview and Level Annotations

Branches:
Dungeon (4/15)             Temple (1/1) D:4

Altars:
Gozag
Kikubaaqudgha
Makhleb
Qazlal
Ru
Vehumet
Xom
Yredelemnul
Zin
Lugonu

Shops:
D:2 *


Innate Abilities, Weirdness & Mutations

You cannot be hasted, slowed, berserked, paralysed or teleported.
You can dig through walls and to a lower floor.
You have a pair of large antennae on your head. (SInv)
Your four strong arms can wield two-handed weapons with a shield.


Message History

Okay, then.
You slash the orc!
You kill the orc!
Makhleb accepts your kill.
Your life force feels restored.
You closely miss the orc. The orc barely misses you.
The orc hits you with a +0 dagger.
You slash the orc!
You kill the orc!
Makhleb accepts your kill.
You slash the orc!
You kill the orc!
Makhleb accepts your kill.
You hit the orc warrior.
The orc warrior is lightly wounded.
The orc warrior hits you but does no damage. x2
You barely miss the orc warrior.
The orc warrior is lightly wounded.
The orc warrior hits you with a +0 short sword.
You slash the orc warrior!
The orc warrior is moderately wounded.
The orc warrior hits you with a +0 short sword!
You closely miss the orc warrior.
The orc warrior is moderately wounded.
The orc warrior hits you with a +0 short sword.
The orc warrior hits you with a +0 short sword!
You feel very mighty all of a sudden.
The orc warrior hits you with a +0 short sword.
You slash the orc warrior!
The orc warrior is heavily wounded.
The orc warrior closely misses you.
You hit the orc warrior.
The orc warrior is severely wounded.
You barely miss the orc.
The orc warrior hits you with a +0 short sword!
* * * LOW HITPOINT WARNING * * *
The orc hits you with a +0 short sword.
* * * LOW HITPOINT WARNING * * *
The orc warrior hits you with a +0 short sword!
You die...

##....##...### #...#
...........## ##.##
.....####...######...#
.#..........#......#..o.#
#..######..#{####...#{.#
.........#o# ##.##.o.#
########.#.# .# #.#
........o#.# .# .#
.......@o..# .# .
#..######### .#


You could see an orc warrior and an orc.

Vanquished Creatures
  A hound (D:4)
  An orc priest (D:3)
  Terence (D:2)
  An iguana (D:2)
  An orc wizard (D:3)
  9 gnolls
  7 adders
  An ufetubus (D:4)
  A worm (D:2)
  6 orcs
  2 ball pythons (D:3)
  2 endoplasms
  5 giant cockroaches
  3 goblins
  4 hobgoblins
  2 kobolds
  8 bats
  4 rats
59 creatures vanquished.

Notes
Turn   | Place    | Note
-------+----------+-------------------------------------------
     0 | D:1      | graymark the Formicid Fighter began the quest for the Orb.
     0 | D:1      | Reached XP level 1. HP: 18/18 MP: 1/1
   466 | D:1      | Reached XP level 2. HP: 23/24 MP: 2/2
   691 | D:1      | Found a faded altar of an unknown god.
  1036 | D:2      | Reached XP level 3. HP: 29/29 MP: 3/3
  1045 | D:2      | Reached skill level 4 in Shields
  1047 | D:2      | Found an opulent altar of Gozag.
  1092 | D:2      | Noticed Terence
  1105 | D:2      | Killed Terence
  1106 | D:2      | Reached XP level 4. HP: 18/37 MP: 4/4
  1717 | D:2      | Found Wyle's Assorted Antiques.
  1949 | D:3      | Reached XP level 5. HP: 42/42 MP: 5/5
  2202 | D:3      | Reached XP level 6. HP: 44/49 MP: 6/6
  2694 | D:4      | Reached skill level 5 in Shields
  2756 | D:4      | Found a staircase to the Ecumenical Temple.
  2768 | Temple   | Entered the Ecumenical Temple
  2805 | Temple   | Became a worshipper of Makhleb the Destroyer
  2831 | D:4      | Found a stormy altar of Qazlal.
  3586 | D:4      | Noticed an orc warrior
  3610 | D:4      | Slain by an orc warrior

Illustrated notes

Levels and vault maps discovered:
D:1:      psy_arrival_spokes, layout_basic, shapermc_ecumenical_altar_pompeii
D:2:      layout_rooms, basic_altar, serial_shops, nicolae_shop_trees,
          minmay_misc_feat_hallway, uniq_terence
D:3:      layout_loops_ring
D:4:      layout_loops_ring, mainiacjoe_overflow_six_doors_small,
          overflow_temple_1_default, nicolae_overflow_hallway_of_the_gods,
          kennysheep_mini_moat, minmay_temple_entry_glassed_door, serial_shops,
          shop, abandoned_shop, minmay_misc_feat_more_columns, uniq_grinder,
          uniq_duvessa
Temple:   corrupted_temple

Skill      XL: |  1  2  3  4  5  6 |
---------------+-------------------+-----
Shields        | 4 5 |  5.3
Fighting       | 4 |  4.8
Armour         | 4 |  4.8
Axes           | 3 |  3.7

Action                   |  1- 3 |  4- 6 || total
-------------------------+-------+-------++-------
Melee: War axe           |    58 |   139 ||   197
 Abil: Dig               |       |     6 ||     6
  Use: Scroll            |       |     1 ||     1
       Potion            |       |     1 ||     1
Armor: Scale mail        |    43 |    49 ||    92
Dodge: Dodged            |    42 |    72 ||   114
Block: Buckler           |    26 |    29 ||    55
